 Dungeon Crawl Stone Soup version 0.29-a0-330-g52719c12eb (webtiles) character file.

Game seed: 9550321675979185224

3154 emperorscorpion the Thaumaturge (level 9, -8/62 HPs)
             Began as a Mummy Necromancer on Apr 22, 2022.
             Was a Follower of Kikubaaqudgha.
             Mangled by a six-headed hydra (16 damage)
             ... on level 7 of the Dungeon.
             The game lasted 00:31:06 (7808 turns).

emperorscorpion the Thaumaturge (Mummy Necromancer) Turns: 7808, Time: 00:31:07

Health: -8/62      AC:  5    Str: 12    XL:     9   Next: 62%
Magic:  13/23      EV: 12    Int: 16    God:    Kikubaaqudgha [*.....]
Gold:   259        SH:  0    Dex: 14    Spells: 15/29 levels left

rFire   x . .      SeeInvis .   b - +2 arbalest (freeze)
rCold   + . .      Faith    .   (shield currently unavailable)
rNeg    + + +      Spirit   .   d - +0 robe
rPois   ∞          Reflect  .   t - +0 helmet
rElec   .          Harm     .   (no cloak)
rCorr   .          Rampage  .   f - +0 pair of gloves
Will    +....                   j - +0 pair of boots
Stlth   ++........              (no amulet)
HPRegen 0.20/turn               l - ring of flight
MPRegen 0.18/turn               (no ring)

@: flying
A: cold resistance 1, negative energy resistance 3, torment resistance 2, heat
vulnerability 1, in touch with death 1, no potions
a: Renounce Religion, Receive Corpses


You were on level 7 of the Dungeon.
You worshipped Kikubaaqudgha.
Kikubaaqudgha was aware of your devotion.
You visited 2 branches of the dungeon, and saw 8 of its levels.

You collected 485 gold pieces.
You spent 226 gold pieces at shops.

Inventory:

Hand Weapons
 a - the +6 trident "Nimuptuw" {drain, Will++ rCorr Str+5}
   (You found it on level 6 of the Dungeon)

   A truly terrible weapon, it drains the life of any living foe it strikes.
   Str:       It affects your strength (+5).
   rCorr:     It protects you from acid and corrosion.
   Will:      It greatly increases your willpower.
 b - a +2 arbalest of freezing (weapon)
 c - a +0 short sword
 k - a +1 dire flail of protection
 m - a +0 trident of protection
 r - a +0 antimagic trident
 z - a +0 shortbow
 A - a +0 hunting sling
 B - a +1 dagger of venom
Missiles
 g - 262 stones
 n - 2 silver javelins
 p - 7 boomerangs
 x - a poisoned dart
Armour
 d - a +0 robe (worn)
 f - a +0 pair of gloves (worn)
 j - a +0 pair of boots (worn)
 o - an orb of light
 t - a +0 helmet (worn)
 C - a +2 buckler
Jewellery
 l - a ring of flight (left hand)
Wands
 s - a wand of flame (6)
Scrolls
 e - 2 scrolls of magic mapping
 h - a scroll of identify
 i - 6 scrolls of teleportation
 q - 3 scrolls of enchant weapon
 u - 2 scrolls of blinking
 v - a scroll of fog
 w - a scroll of summoning
 y - 2 scrolls of torment
 D - a scroll of immolation


   Skills:
 + Level 2.9 Fighting
 + Level 0.3 Short Blades
 - Level 1.1(1.2) Slings
 + Level 2.3 Crossbows
 + Level 0.4(0.9) Throwing
 + Level 2.1 Dodging
 - Level 2.4 Stealth
 + Level 10.8 Spellcasting
 + Level 1.1 Hexes
 + Level 9.3 Necromancy
 - Level 0.2 Evocations


You had 15 spell levels left.
You knew the following spells:

 Your Spells              Type           Power      Damage    Failure   Level
a - Pain                  Necr           100%       1d9       1%          1
b - Vampiric Draining     Necr           55%        2d9       1%          3
c - Animate Dead          Necr           27%        N/A       1%          4
d - Anguish               Hex/Necr       19%        N/A       10%         4
e - Corpse Rot            Necr/Air       70%        N/A       1%          2

Your spell library contained the following spells:

 Spells                   Type           Power      Damage    Failure   Level
 Animate Skeleton         Necr           100%       N/A       1%          1
 Agony                    Necr           55%        N/A       4%          5
 Tukima's Dance           Hex            12%        N/A       16%         3
 Airstrike                Air            4%         N/A       63%         4
 Summon Lightning Spire   Summ/Air       8%         N/A       63%         4
 Lightning Bolt           Conj/Air       4%         1d15      93%         5
 Summon Forest            Summ/Tloc      4%         N/A       93%         5
 Enfeeble                 Hex            6%         N/A       100%        7
 Spellforged Servitor     Conj/Summ      4%         N/A       100%        7


Dungeon Overview and Level Annotations

Branches:
Dungeon (7/15)             Temple (1/1) D:5

Altars:
Kikubaaqudgha
Okawaru
Sif Muna
Uskayaw
Wu Jian

Shops:
D:6 (!


Innate Abilities, Weirdness & Mutations

You are immune to poison.
Your flesh is cold resistant. (rC+)
You are immune to negative energy. (rN+++)
You are immune to unholy pain and torment.
You are vulnerable to heat. (rF-)
You are in touch with the powers of death.
You do not drink.


Message History

You now have 259 gold pieces (gained 20).
A six-headed hydra comes into view.
The six-headed hydra roars!
Kikubaaqudgha delivers you corpses!
Press: ? - help, v - describe, . - travel, g - get item Item here: a yak corpse.
The floor.
Casting: Vampiric Draining (safe; 1% risk of failure)
Confirm with . or Enter, or press ? or * to list all spells.
You feel a surge of power!
You call on the dead to rise...
The dead are walking and flying!
The six-headed hydra bites you. x2
The six-headed hydra completely misses you.
The six-headed hydra bites you! The six-headed hydra bites you.
The six-headed hydra misses you.
You swap places.
The six-headed hydra attacks as you move away!
The six-headed hydra bites you.
The six-headed hydra bites you but does no damage.
The six-headed hydra barely misses you. The six-headed hydra bites you.
The six-headed hydra bites you!
* * * LOW HITPOINT WARNING * * *
The six-headed hydra bites you.
* * * LOW HITPOINT WARNING * * *
The six-headed hydra bites your goblin zombie!
Your goblin zombie is destroyed!
The six-headed hydra bites something!
The six-headed hydra bites something.
The six-headed hydra bites something!
The six-headed hydra bites something. x2
Casting: Animate Dead (dangerous; 1% risk of failure)
Confirm with . or Enter, or press ? or * to list all spells.
Casting: Anguish (dangerous; 10% risk of failure)
Press: ? - help, Dir - look around, f - activate You feel a surge of power!
The six-headed hydra resists with almost no effort.
Your yak zombie barely misses the six-headed hydra.
Okay, then.
The six-headed hydra attacks as you move away!
The six-headed hydra bites you but does no damage.
The six-headed hydra barely misses you. The six-headed hydra bites you!
You die...
Kikubaaqudgha rasps: "You have failed me!
Welcome... oblivion!"

######### ....... #
.....##.# #........
#######.##....#
#.Z.ZD@...#####
#Z#####........ #.
#...#####. Z. #.........
...# #########..######
....+ #.................
....###.#######.#.#####.
##......#.#..# #.....
.....##.#.#..########.#


You could see a six-headed hydra (ally target), a friendly yak zombie, a
friendly sky beast zombie and a friendly cyclops zombie.

Vanquished Creatures
  A troll (D:7)
  An acid dragon (D:6)
  A water moccasin (D:6)
  An orc warrior (D:6)
  3 ogres
  2 black bears
  A centaur (D:5)
  2 phantoms
  3 necrophages
  2 bullfrogs (D:7)
  4 scorpions
  6 killer bees (D:4)
  2 howler monkeys
  5 hounds
  4 jellies
  4 orc priests
  2 gnoll shamans
  5 iguanas
  4 orc wizards
  7 gnolls
  9 adders
  A shadow imp (D:6)
  An ufetubus (D:5)
  2 worms
  3 dart slugs
  17 orcs
  4 ball pythons
  6 endoplasms
  5 giant cockroaches
  17 goblins
  5 hobgoblins
  12 kobolds
  A quokka (D:3)
  4 bats
  A frilled lizard (D:3)
  6 rats
154 creatures vanquished.

Vanquished Creatures (collateral kills)
  A gnoll (D:6)
  A shadow imp (D:6)
2 creatures vanquished.

Vanquished Creatures (others)
  Edmund (D:5)
  2 gnolls (D:6)
  An adder (D:5)
4 creatures vanquished.

Grand Total: 160 creatures vanquished

Notes
Turn   | Place    | Note
-------+----------+-------------------------------------------
     0 | D:1      | emperorscorpion the Mummy Necromancer began the quest for
                  | the Orb.
     0 | D:1      | Reached XP level 1. HP: 13/13 MP: 4/4
   393 | D:1      | Reached XP level 2. HP: 19/19 MP: 2/5
   640 | D:1      | Reached skill level 3 in Spellcasting
  1295 | D:2      | Gained mutation: You are in touch with the powers of death.
                  | [Mummy growth]
  1295 | D:2      | Reached XP level 3. HP: 22/24 MP: 0/7
  1299 | D:2      | Learned a level 3 spell: Vampiric Draining
  1638 | D:2      | Reached XP level 4. HP: 31/31 MP: 5/9
  2076 | D:3      | Reached skill level 1 in Fighting
  2089 | D:3      | Reached skill level 1 in Slings
  2089 | D:3      | Reached skill level 5 in Necromancy
  2414 | D:3      | Reached skill level 4 in Spellcasting
  2414 | D:3      | Reached XP level 5. HP: 29/37 MP: 5/11
  3002 | D:3      | Reached XP level 6. HP: 37/43 MP: 6/12
  3698 | D:4      | Reached skill level 5 in Spellcasting
  3839 | D:4      | Reached XP level 7. HP: 45/49 MP: 5/15
  4087 | D:4      | Reached skill level 6 in Spellcasting
  4306 | D:4      | Learned a level 4 spell: Animate Dead
  4691 | D:4      | Reached skill level 7 in Spellcasting
  4846 | D:5      | Entered Level 5 of the Dungeon
  4942 | D:5      | Reached XP level 8. HP: 56/56 MP: 14/19
  5060 | D:5      | Learned a level 4 spell: Anguish
  5109 | D:5      | Noticed Edmund
  5116 | D:5      | Killed Edmund
  5310 | D:5      | Reached skill level 8 in Spellcasting
  5566 | D:5      | Found a staircase to the Ecumenical Temple.
  5572 | Temple   | Entered the Ecumenical Temple
  5584 | Temple   | Became a worshipper of Kikubaaqudgha
  5688 | D:5      | Found a shimmering blue altar of Sif Muna.
  5688 | D:5      | Found a hide-covered altar of Uskayaw.
  5702 | D:5      | Reached skill level 1 in Hexes
  5863 | D:6      | Reached skill level 9 in Spellcasting
  6162 | D:6      | Reached XP level 9. HP: 61/61 MP: 8/22
  6351 | D:6      | Reached skill level 10 in Spellcasting
  6517 | D:6      | Found Tyvorch's Distillery.
  6539 | D:6      | Found Ninatoraff's Weapon Emporium.
  6580 | D:6      | Bought a +1 arbalest of freezing for 226 gold pieces
  6646 | D:6      | Identified the +6 trident "Nimuptuw" {drain, Will++ rCorr
                  | Str+5}
  7055 | D:7      | Noticed a troll
  7060 | D:7      | Killed a troll
  7061 | D:7      | Reached skill level 1 in Crossbows
  7243 | D:7      | Found an ornate altar of the Wu Jian Council.
  7333 | D:7      | Reached * piety under Kikubaaqudgha
  7333 | D:7      | Received a gift from Kikubaaqudgha
  7351 | D:7      | Learned a level 2 spell: Corpse Rot
  7452 | D:7      | Got Sif Muna's Tome of the Entrancing Entourage
  7800 | D:7      | Noticed a six-headed hydra
  7808 | D:7      | Mangled by a six-headed hydra

Illustrated notes

Levels and vault maps discovered:
D:1:      lemuel_arrival_behind_the_door_large, layout_loops_ring
D:2:      layout_loops_ring, minmay_fractal_squares_5
D:3:      kennysheep_the_goblin_king, layout_basic, hex_tiny, st_stairs_13
D:4:      layout_basic, minmay_puff
D:5:      layout_basic, gammafunk_temple_overflow_pools,
          minmay_temple_entry_statues, uniq_edmund
D:6:      layout_rooms, serial_shops, nicolae_shop_advertising_works
          [nicolae_subvault_shop_adworks], shop
D:7:      layout_basic, nicolae_overflow_hidden_temple
Temple:   mainiacjoe_temple_bowtie_tessellation

Skill      XL: |  1  2  3  4  5  6  7  8  9 |
---------------+----------------------------+-----
Spellcasting   | 3 4 5 7 9 10 | 10.8
Fighting       | 1 2 |  2.9
Slings         | 1 |  1.1
Necromancy     | 5 6 7 8 9 |  9.3
Stealth        | 2 |  2.4
Dodging        | 2 |  2.1
Hexes          | 1 |  1.1
Crossbows      | 2 |  2.3
Short Blades   | |  0.3
Throwing       | |  0.4
Evocations     | |  0.2

Action                   |  1- 3 |  4- 6 |  7- 9 || total
-------------------------+-------+-------+-------++-------
Melee: Short sword       |     1 |       |       ||     1
       Dagger            |     5 |     1 |    44 ||    50
       Trident           |       |       |     6 ||     6
 Fire: Hunting sling     |    31 |    52 |    43 ||   126
       Arbalest          |       |       |    31 ||    31
Throw: Dart              |       |     6 |     4 ||    10
 Cast: Pain              |    58 |    63 |   137 ||   258
       Vampiric Draining |     1 |     9 |    32 ||    42
       Anguish           |       |       |     6 ||     6
       Animate Dead      |       |       |     4 ||     4
Invok: Receive Corpses   |       |       |     1 ||     1
Evoke: Wand              |       |       |    17 ||    17
  Use: Scroll            |       |       |     8 ||     8
 Stab: Sleeping          |       |       |     2 ||     2
Armor: Robe              |     5 |     6 |    42 ||    53
Dodge: Dodged            |    13 |    23 |    79 ||   115

Table legend: (Time is in decaauts)
 A = Elapsed time spent in this place.
 B = Non-inter-level travel time spent in this place.
 C = Inter-level travel time spent in this place.
 D = Time resting spent in this place.
 E = Time spent auto-exploring this place.
 F = Levels seen in this place.
 G = Mean time per level.
                   A        B        C        D        E       F      G
               +--------+--------+--------+--------+--------+-----+--------+
         Total |   7880 |   7508 |    372 |     13 |   6249 |   8 |  985.0 |
       Dungeon |   7858 |   7494 |    364 |     13 |   6243 |   7 | 1122.6 |
        Temple |     21 |     13 |      8 |      0 |      6 |   1 |   21.0 |
               +--------+--------+--------+--------+--------+-----+--------+

Top non-repeatable levels by time:
     D:4: 1512 daAuts
     D:3: 1269 daAuts
     D:2: 1145 daAuts
     D:6: 1131 daAuts
     D:5: 1008 daAuts
     D:1: 988 daAuts
     D:7: 802 daAuts
  Temple: 21 daAuts
